 Dungeon Crawl Stone Soup version 0.23.1-37-gaa34b87b72 (webtiles) character file.

Game seed: 17536286182846494250

63 Descartes the Vexing (level 4, 0/31 HPs)
             Began as a Formicid Enchanter on Mar 27, 2019.
             Slain by a hobgoblin
             ... wielding a +0 club
             ... led by Robin
              (6 damage)
             ... on level 2 of the Dungeon.
             The game lasted 00:08:33 (2541 turns).

Descartes the Vexing (Formicid Enchanter)           Turns: 2541, Time: 00:08:35

Health: 0/31       AC:  8    Str: 14    XL:     4   Next: 30%
Magic:  8/8        EV:  6    Int: 14    God:
Gold:   88         SH:  0    Dex: 11    Spells: 1/8 levels left

rFire    x . .     SeeInvis +   a - +1 dagger
rCold    + . .     Gourm    .   (no shield)
rNeg     . . .     Faith    .   l - +0 chain mail
rPois    .         Spirit   .   (helmet unavailable)
rElec    .         Reflect  .   (no cloak)
rCorr    .         Harm     .   (no gloves)
MR       .....                  (no boots)
Stlth    ..........             (no amulet)
HPRegen  0.10/turn              i - ring of ice
MPRegen  0.11/turn              (no ring)

@: no status effects
A: permanent stasis, dig shafts and tunnels, four strong arms, antennae 3
a: Dig, Shaft Self


You were on level 2 of the Dungeon.
You were not hungry.

You visited 1 branch of the dungeon, and saw 2 of its levels.

You collected 88 gold pieces.

Inventory:

Hand Weapons
 a - a +1 dagger (weapon)
 m - a +0 mace
Missiles
 o - 5 poisoned needles
 p - 21 stones (quivered)
 q - 26 sling bullets
Armour
 b - a +0 robe
 l - a +0 chain mail (worn)
Jewellery
 i - a ring of ice (left hand)
Scrolls
 c - 3 scrolls of enchant armour {unknown}
 e - 3 scrolls of identify {unknown}
 g - a scroll of remove curse {unknown}
 k - 3 scrolls of teleportation {unknown}
 n - a scroll of fog {unknown}
Potions
 f - a potion of haste
 h - a potion of heal wounds {unknown}
 j - 2 potions of cancellation {unknown}
 r - a potion of mutation {unknown}
Comestibles
 d - 2 rations
 s - a chunk of flesh


   Skills:
 + Level 0.9 Fighting
 - Level 1.0 Short Blades
 * Level 1.3 Armour
 * Level 2.2 Dodging
 * Level 4.1 Stealth
 * Level 2.7 Spellcasting
 * Level 4.2 Hexes


You had one spell level left.
You knew the following spells:

 Your Spells              Type           Power        Failure   Level  Hunger
a - Corona                Hex            ##.....      73%         1    #......
b - Dazzling Spray        Conj/Hex       #.....       100%        3    ###....
c - Confuse               Hex            ##......     97%         3    ###....

Your spell library contained the following spells:

 Spells                   Type           Power        Failure   Level  Hunger
 Tukima's Dance           Hex            ##......     97%         3    ###....
 Ensorcelled Hibernation  Hex/Ice        ##....       98%         2    ###....


Dungeon Overview and Level Annotations

Branches:
Dungeon (2/15)

Altars:
Trog

Annotations:
D:2 Robin


Innate Abilities, Weirdness & Mutations

You cannot be hasted, slowed, berserked, paralysed or teleported.
You can dig through walls and to a lower floor.
Your four strong arms can wield two-handed weapons with a shield.
You have a pair of large antennae on your head. (SInv)


Message History

A hobgoblin comes into view.
The goblin hits you but does no damage.
You hit the worm.
The worm is almost dead.
The goblin hits you but does no damage. The goblin barely misses you.
The worm completely misses you. The hobgoblin hits you with a +0 club.
* * * LOW HITPOINT WARNING * * *
The goblin hits you but does no damage.
Your chain mail prevents you from hitting the worm.
The worm is almost dead.
A hobgoblin comes into view.
The goblin closely misses you. The goblin hits you but does no damage.
You hit the worm.
You kill the worm!
Robin roars a battlecry!
The hobgoblin goes into a battle-frenzy!
The goblin hits you.
* * * LOW HITPOINT WARNING * * *
The hobgoblin hits you with a +0 club.
You die...

#.# .. ######## ..
.g # #.##.####
..#g... #######
##.#g.# #.....#
#..g..# #.....#
#.gg..# #.....#
#.#ggg# #.....#
#.#@g.# #.....#
#.#.g.#
#.....####.#...#
#..........#...#
###......#####..##
#..............>#
#...#############
#...# #......#
#...#####.####.#


You could see Robin, 3 hobgoblins and 7 goblins.

Vanquished Creatures
  An adder (D:2)
  An ooze (D:1)
  A worm (D:2)
  2 dart slugs
  4 giant cockroaches
  2 hobgoblins (D:1)
  5 jackals (D:1)
  3 bats (D:1)
  3 frilled lizards (D:1)
  9 goblins
  A jackal skeleton (D:2)
  4 kobolds
  6 rats
42 creatures vanquished.

Notes
Turn   | Place    | Note
-------+----------+-------------------------------------------
     0 | D:1      | Descartes the Formicid Enchanter began the quest for the
                  | Orb.
     0 | D:1      | Reached XP level 1. HP: 13/13 MP: 3/3
   213 | D:1      | Reached XP level 2. HP: 15/19 MP: 5/5
   676 | D:1      | Reached XP level 3. HP: 23/25 MP: 6/6
  1296 | D:1      | Reached skill level 1 in Armour
  1803 | D:2      | Learned a level 3 spell: Dazzling Spray
  1807 | D:2      | Learned a level 3 spell: Confuse
  1877 | D:2      | Reached XP level 4. HP: 21/31 MP: 7/7
  2328 | D:2      | Found a bloodstained altar of Trog.
  2530 | D:2      | Noticed Robin
  2541 | D:2      | Slain by a hobgoblin

Skill      XL: |  1  2  3 |
---------------+----------+-----
Dodging        | 2 |  2.2
Stealth        | 4 |  4.1
Hexes          | 4 |  4.2
Armour         | 1 |  1.3
Fighting       | |  0.9
Short Blades   | |  1.0
Spellcasting   | |  2.7

Action                   |  1- 3 |  4- 6 || total
-------------------------+-------+-------++-------
Melee: Dagger            |   171 |    56 ||   227
       Mace              |     6 |       ||     6
 Stab: Sleeping          |     1 |       ||     1
  Eat: Chunk             |     3 |     2 ||     5
Armor: Robe              |     8 |       ||     8
       Chain mail        |    87 |    39 ||   126
Dodge: Dodged            |    66 |    24 ||    90
